 Dungeon Sprint DCSS version 0.19-a0-1922-g1e9a4c1 (webtiles) character file.

53 poirepourri the Covert (level 3, 0/16 HPs)
             Began as a Spriggan Enchanter on Oct 24, 2016.
             Slain by a ynoxinul (5 damage)
             ... summoned by a kobold demonologist
             ... in the Dungeon (Sprint III: "The Ten Rune Challenge").
             The game lasted 00:01:57 (400 turns).

poirepourri the Covert (Spriggan Enchanter)          Turns: 400, Time: 00:01:57

Health: 0/16       AC:  4    Str:  4    XL:     3   Next: 62%
Magic:  1/9        EV: 19    Int: 16    God:
Gold:   28         SH:  0    Dex: 17    Spells: 4 memorised, 1 level left

rFire  . . .     SeeInvis +     a - +1 dagger
rCold  . . .     Gourm    .     b - +1 robe
rNeg   . . .     Faith    .     (shield restricted)
rPois  .         Spirit   .     (helmet restricted)
rElec  .         Reflect  .     i - +0 cloak
rCorr  .         Harm     .     (gloves unavailable)
MR     .....     NoTele   +     (boots unavailable)
Stlth  ++++......               (no amulet)
                                (no ring)
                                (no ring)

@: very slightly contaminated, very quick
A: unfitting armour, see invisible, herbivore 3, speed 3, slow metabolism 2
a: no special abilities


You were in the Dungeon.
You were not hungry.

You visited 1 branch You collected 28 gold pieces.

Inventory:

Hand Weapons
 a - a +1 dagger (weapon)
Armour
 b - a +1 robe (worn)
 i - a +0 cloak (worn)
Potions
 e - a potion of curing
 g - a potion of haste
 k - 2 potions of mutation
 p - a potion of cure mutation
 q - 3 potions of flight
 v - a potion of degeneration {unknown}
Books
 c - a book of Maledictions

   Spells                             Type                      Level
   a - Corona                         Hexes                        1
   b - Ensorcelled Hibernation        Hexes/Ice                    2
   c - Confuse                        Hexes                        3
   d - Tukima's Dance                 Hexes                        3
   e - Dazzling Spray                 Conjuration/Hexes            3
Comestibles
 d - a bread ration
 o - 3 fruits
 u - a royal jelly


   Skills:
 + Level 1.1 Short Blades
 + Level 4.0 Dodging
 + Level 8.5 Stealth
 + Level 4.1 Spellcasting
 + Level 6.4 Hexes


You had one spell level left.
You knew the following spells:

 Your Spells              Type           Power        Failure   Level  Hunger
a - Corona                Hex            ###....      1%          1    None
b - Ensorcelled Hibernat  Hex/Ice        ##....       10%         2    ##.....
c - Confuse               Hex            ###.....     4%          3    ###....
d - Tukima's Dance        Hex            ###.....     4%          3    ###....


Dungeon Overview and Level Annotations

Branches:
Dungeon (1/1)

Altars:
Kikubaaqudgha
Sif Muna
Vehumet


Innate Abilities, Weirdness & Mutations

You are very small and have problems with some larger weapons.
You are too small for most types of armour.
You have supernaturally acute eyesight. (SInv)
You are a herbivore.
You cover ground extremely quickly.
You need consume almost no food.


Message History

The kobold demonologist closely misses you.
The ufetubus misses you. The ufetubus completely misses you.
Casting: Ensorcelled Hibernation
Confirm with . or Enter, or press ? or * to list all spells.
Aiming: Ensorcelled Hibernation
Press: ? - help, Shift-Dir - straight line, f/p - wizard
Aim: a wizard, wielding a dagger and wearing a robe (chance to defeat MR: 14%)
The wizard resists with almost no effort.
The ynoxinul closely misses you. The wizard misses you.
The kobold demonologist misses you. The ufetubus hits you.
The ufetubus completely misses you.
Casting: Ensorcelled Hibernation
Confirm with . or Enter, or press ? or * to list all spells.
Aiming: Ensorcelled Hibernation
Press: ? - help, Shift-Dir - straight line, f/p - wizard
Aim: a wizard, wielding a dagger and wearing a robe (chance to defeat MR: 14%)
The wizard resists with almost no effort.
The ufetubus completely misses you. The ufetubus misses you.
The ynoxinul hits you.
You die...

.#...#### ##.#
.#[.....#####..#
##.......#..#..#
.##.##...#..#..###+#+###
.##.###..##'#..#........
####.##..###...+.⌠......
##..##..####...#55.#####
....##..###....#p55#
#..##÷..##.....#@35#
†.##....#......#K###
.###..##.#..)..#.: .#
#.. ####....#___ ▓▓ ▓▓▓
▓▓▓▓▓▓▓▓▓▓


You could see a wizard, a kobold demonologist, a ynoxinul and 5 ufetubi.

Vanquished Creatures
  Crazy Yiuf (D)
  A human (D)
  An ooze (D)
  3 rats (D)
6 creatures vanquished.

Vanquished Creatures (others)
  2 draconian scorchers (D)
  6 hellions (D)
  A yaktaur (D)
9 creatures vanquished.

Grand Total: 15 creatures vanquished

Notes
Turn   | Place    | Note
-------+----------+-------------------------------------------
     0 | D        | poirepourri the Spriggan Enchanter began the quest for the Orb.
     0 | D        | Reached XP level 1. HP: 9/9 MP: 5/5
     9 | D        | Reached skill level 5 in Stealth
    48 | D        | Noticed Crazy Yiuf
    51 | D        | Killed Crazy Yiuf
    51 | D        | Reached skill level 7 in Stealth
    51 | D        | Reached skill level 5 in Hexes
    51 | D        | Reached XP level 2. HP: 13/13 MP: 5/7
    51 | D        | Reached XP level 3. HP: 16/16 MP: 6/9
    64 | D        | Reached skill level 8 in Stealth
   102 | D        | Killed a hellion
   115 | D        | Killed a hellion
   116 | D        | Killed a hellion
   128 | D        | Killed a hellion
   129 | D        | Killed a hellion
   137 | D        | Learned a level 2 spell: Ensorcelled Hibernation
   141 | D        | Learned a level 3 spell: Confuse
   145 | D        | Learned a level 3 spell: Tukima's Dance
   207 | D        | Killed a white draconian scorcher
   208 | D        | Killed a hellion
   210 | D        | Killed a white draconian scorcher
   248 | D        | Killed a yaktaur
   342 | D        | Noticed a water elemental
   384 | D        | Found a radiant altar of Vehumet.
   384 | D        | Found a deep blue altar of Sif Muna.
   384 | D        | Found an ancient bone altar of Kikubaaqudgha.
   384 | D        | Noticed a wizard
   394 | D        | Noticed a ynoxinul
   400 | D        | Slain by a ynoxinul

Vault maps used:
D:        dungeon_sprint_mu

Skill      XL: |  1  2  3 |
---------------+----------+-----
Stealth        | 7 8 |  8.5
Spellcasting   | 3 4 |  4.1
Hexes          | 5 6 |  6.4
Dodging        | 4 |  4.0
Short Blades   | |  1.1

Action                   || total
-------------------------++-------
Melee: Dagger            ||    10
 Cast: Ensorcelled Hiber ||    12
       Corona            ||     1
  Use: Scroll            ||     8
       Potion            ||     4
 Stab: Sleeping          ||     5
Armor: Robe              ||     1
Dodge: Dodged            ||    27
